 Dungeon Crawl Stone Soup version 0.20-a0-893-g832831a (webtiles) character file.

707292 Ijustatesigmund the Ruinous (level 27, -35/179 HPs)
             Began as a Gargoyle Wizard on Mar 8, 2017.
             Was the Champion of Vehumet.
             Killed from afar by a golden dragon (51 damage)
             ... with a bolt of cold
             ... on level 4 of the Realm of Zot on Mar 17, 2017.
             The game lasted 13:11:29 (113873 turns).

Ijustatesigmund the Ruinous (Gargoyle Wizard)     Turns: 113873, Time: 13:11:30

Health: -35/179    AC: 52    Str: 12    XL:     27
Magic:  1/36       EV: 13    Int: 33    God:    Vehumet [******]
Gold:   1048       SH: 17    Dex: 12    Spells: 1/62 levels left

rFire    + + +     SeeInvis +   Y - +9 flail (protect)
rCold    . . .     Gourm    .   R - +5 fire dragon scales
rNeg     + . .     Faith    .   C - +2 shield of Resistance {rF+ rC+ MR+}
rPois    ∞         Spirit   .   I - +2 helmet {SInv}
rElec    +         Reflect  +   D - +2 cloak {+Inv}
rCorr    .         Harm     .   S - +3 pair of gauntlets of War {Slay+5}
MR       +++..                  N - +2 pair of boots {Stlth+}
Stlth    +++++.....             j - +2 amulet of reflection
Regen    0.4/turn               g - ring "Qoydduetz" {Wiz +Fly Dex+3}
MPRegen  0.3/turn               L - ring of Bodily Harmony {+Fly rF+ Int+3}

@: swift, corroded, slowed, studying Fighting
A: big wings, thin metallic scales 1, blurry vision 1, low mp 2, negative energy
resistance 1, screaming 2, electricity resistance, unbreathing, petrification
resistance, rot immunity, subdued magic 2, AC +20
}: 3/15 runes: decaying, serpentine, silver
a: Fly, Renounce Religion, Evoke Invisibility, Evoke Flight


You were on level 4 of the Realm of Zot.
You worshipped Vehumet.
Vehumet was exalted by your worship.
You were not hungry.

You visited 13 branches of the dungeon, and saw 60 of its levels.
You visited the Abyss 1 time.
You visited 1 bazaar.
You visited 1 ziggurat, and saw 15 of its levels.
You also visited: Sewer, Ossuary, Ice Cave, Wizlab and Desolation.

You collected 6918 gold pieces.
You spent 5870 gold pieces at shops.

Inventory:

Hand Weapons
 b - the +11 great mace of Iqiam {elec, rElec Dex+3}
   (You took it off a deep elf demonologist on level 3 of the Elven Halls)

   Occasionally, upon striking a foe, it will discharge some electrical energy
   and cause terrible harm.
   It affects your dexterity (+3).
   It insulates you from electricity.
 t - the +7 sceptre of Torment
   (You found it on level 4 of the Depths)
 O - a +0 demon whip of distortion
 Y - a +9 flail of protection (weapon)
Armour
 w - quicksilver dragon scales
 C - the +2 shield of Resistance (worn) {rF+ rC+ MR+}
   (You bought it in a shop on level 13 of the Dungeon)

   It protects you from fire.
   It protects you from cold.
   It affects your resistance to hostile enchantments.
 D - a +2 cloak of invisibility (worn)
 H - the +7 Kryia's mail coat {PotionHeal*2 rC+}
   (You found it on level 12 of a ziggurat)

   It protects you from cold.
 I - a +2 helmet of see invisible (worn)
 N - a +2 pair of boots of stealth (worn)
 R - +5 fire dragon scales (worn)
 S - the +3 pair of gauntlets of War (worn) {Slay+5}
   (You found it on level 6 of the Lair of Beasts)

   It affects your accuracy and damage with ranged weapons and melee attacks
   (+5).
Jewellery
 e - an uncursed ring of resist corrosion
 g - the ring "Qoydduetz" (right hand) {Wiz +Fly Dex+3}
   (You found it in the Desolation of Salt)

   [ring of wizardry]

   It improves your spell success rate.
   It affects your dexterity (+3).
   It lets you fly.
 j - a +2 amulet of reflection (around neck)
 l - the ring "Ucash" {rPois MR+ Str+4 Stlth+}
   (You took it off a tengu reaver on level 5 of the Vaults)

   [ring of poison resistance]

   It affects your strength (+4).
   It protects you from poison.
   It affects your resistance to hostile enchantments.
   It makes you more stealthy.
 o - an uncursed ring of magical power
 E - the ring "Qicymame" {rC+ Str+5 Stlth-}
   (You found it on level 13 of the Dungeon)

   [ring of loudness]

   It affects your strength (+5).
   It protects you from cold.
   It makes you less stealthy.
 G - an uncursed amulet of regeneration
 K - an uncursed ring of protection from cold
 L - the ring of Bodily Harmony (left hand) {+Fly rF+ Int+3}
   (You took it off an imperial myrmidon in the Desolation of Salt)

   [ring of flight]

   It affects your intelligence (+3).
   It protects you from fire.
   It lets you fly.
 W - an uncursed amulet of magic regeneration
Wands
 a - a wand of iceblast (9/15)
 k - a wand of lightning (12/15)
 m - a wand of digging (15/24)
 n - a wand of random effects (38/48)
 X - a wand of scattershot (3/9)
Scrolls
 c - 11 scrolls of remove curse
 d - a scroll of brand weapon
 r - 9 scrolls of recharging
 s - 3 scrolls of amnesia
 x - 2 scrolls of summoning
 y - 7 scrolls of fear
 z - 6 scrolls of silence
 F - 4 scrolls of identify
 P - 3 scrolls of blinking
 Q - a scroll of enchant armour
 T - 4 scrolls of teleportation
 U - 12 scrolls of fog
 V - 4 scrolls of immolation
Potions
 f - 4 potions of brilliance
 i - a potion of magic
 p - 6 potions of curing
 B - a potion of resistance
 J - 13 potions of mutation
 M - 2 potions of ambrosia
Books
 v - a manual of Fighting
Miscellaneous
 h - a phantom mirror
 u - a fan of gales
 A - the horn of Geryon
Comestibles
 q - 7 meat rations
 Z - a chunk of flesh


   Skills:
 - Level 20.2 Fighting
 - Level 15.0 Maces & Flails
 - Level 1.3(10.1) Staves
 - Level 15.3 Throwing
 - Level 14.0 Armour
 - Level 11.0 Dodging
 - Level 13.0 Stealth
 - Level 16.0 Shields
 - Level 18.1 Spellcasting
 - Level 22.1 Conjurations
 - Level 6.0 Charms
 - Level 10.5 Summonings
 - Level 6.2 Translocations
   Level 2.5 Transmutations
 - Level 17.1 Fire Magic
 - Level 9.2 Ice Magic
 - Level 6.0 Air Magic
 - Level 20.0 Earth Magic
 - Level 7.3 Poison Magic
 + Level 8.9 Evocations


You had one spell level left.
You knew the following spells:

 Your Spells              Type           Power        Failure   Level  Hunger
a - Iskenderun's Battles  Conj/Chrm      ######..     1%          5    None
b - Blink                 Tloc           N/A          1%          2    None
c - Ignition              Fire           ######....   3%          8    #####..
d - Mephitic Cloud        Conj/Pois/Air  ######..     1%          3    None
e - Swiftness             Chrm/Air       #####...     1%          2    None
f - Passage of Golubria   Tloc           N/A          1%          4    None
g - Stone Arrow           Conj/Erth      ######       0%          3    None
h - Apportation           Tloc           #####.       1%          1    None
i - Iron Shot             Conj/Erth      #######...   1%          6    None
j - Lehudib's Crystal Sp  Conj/Erth      #######...   1%          8    #####..
k - Spellforged Servitor  Conj/Summ      ######....   1%          7    ###....
l - Summon Butterflies    Summ           ######..     0%          1    None
m - Lee's Rapid Deconstr  Erth           #######...   0%          5    None
n - Freezing Cloud        Conj/Ice/Air   ######....   1%          6    None


Dungeon Overview and Level Annotations

Branches:
Dungeon (15/15)            Temple (1/1) D:5            Lair (6/6) D:10
  Swamp (4/4) Lair:3        Snake (4/4) Lair:3        Slime (0/5) Lair:6
    Orc (2/2) D:9             Elf (3/3) Orc:2        Vaults (5/5) D:13
  Crypt (0/3) Vaults:2     Depths (5/5) D:15           Hell (1/1)
    Dis (5/7) Hell            Geh (5/7) Hell            Coc (0/7) Hell
    Zot (4/5) Depths:5
    Tar: Hell:1

Altars:
Ashenzari
Cheibriados
Dithmenos
Elyvilon
Fedhas
Gozag
Hepliaklqana
Kikubaaqudgha
Makhleb
Nemelex Xobeh
Okawaru
Qazlal
Ru
Sif Muna
Trog
Uskayaw
Vehumet
Wu Jian
Xom
Yredelemnul
Zin
The Shining One

Shops:
D:7 :   D:8 (   D:13 *   Orc:2 *}}*:   Elf:1 (   Elf:2 :   Elf:3 :   Snake:2 :

Portals:
Hell: Depths:1 Depths:2 Depths:3 Depths:4 Depths:5
Abyss: Depths:4
Pandemonium: Depths:3
Trove: Depths:5 (give 3 potions of resistance)

Annotations:
D:5 Eustachio
D:10 1 runed door
Lair:1 exclusion: oklob plant
Swamp:2 exclusion: Roxanne, Roxanne
Hell exclusion: ice statue


Innate Abilities, Weirdness & Mutations

You are resistant to torment.
Your stone body is resilient. (AC +20)
You are immune to poison.
Your large and strong wings let you fly indefinitely.
You resist negative energy. (rN+)
You are resistant to electric shocks. (rElec)
You can survive without breathing.
You are immune to petrification.
You are immune to rotting.
You are partially covered in thin metallic scales. (AC +2)
Scrolls take you a little longer to read.
Your magical capacity is very low. (-20% MP)
You sometimes yell uncontrollably at your foes.
Your spells are easier to cast, but less powerful.


Message History

The death cob hits you but does no damage.
You yell at the golden dragon!
A golden dragon comes into view.
You yell at the golden dragon!
You block the death cob's attack.
The death cob hits you but does no damage.
Casting: Blink
Confirm with . or Enter, or press ? or * to list all spells.
You feel quick.
The white draconian seems less confused.
You block the death cob's attack. The death cob hits you.
* * * LOW HITPOINT WARNING * * *
The death cob drains your vigour!
You feel yourself slow down. The death cob closely misses you.
The death cob hits you but does no damage.
The death cob hits you!!
* * * LOW HITPOINT WARNING * * *
The golden dragon breathes cold at you. The bolt of cold hits you!
You die...

.........§§§≈≈§§[...≈§≈...#
..........................#
..).......................#
...........§≈≈≈.......[...#
..........≈§§............#
#.........§§§≈§.........######
#.#.§§d§....§...............<#
#..#8.[....d.D........########
##.#§[).........@....##
#+#§#)........z....##
.................##
.............y....##
.................##
.................#
....>........###.#
.............+ ..# ..........#
##


You could see a golden dragon, a white draconian, a death cob and a moth of
wrath.

Vanquished Creatures
  3 orbs of fire
  An ancient lich (WizLab)
  2 juggernauts
  A pandemonium lord (Zig:15)
  3 greater mummies (Depths:4)
  the Lernaean hydra (Swamp:4)
  Boris (Vaults:4)
  A curse toe (Zot:3)
  Bai Suzhen (Depths:1)
  Saint Roka (Depths:2)
  A Killer Klown (Zot:2)
  Geryon (Hell)
  7 golden dragons
  Nikola (Swamp:4)
  A bone dragon (Dis:5)
  2 iron giants
  A Brimstone Fiend (Dis:4)
  Jorgrun (Snake:2)
  2 electric golems
  11 tentacled monstrosities
  Rupert (D:13)
  2 Hell Sentinels
  A quicksilver dragon (shapeshifter) (Zig:8)
  3 quicksilver dragons
  3 deep elf blademasters
  3 acid blobs (Zig:9)
  4 titans
  7 liches
  2 deep elf master archers (Elf:3)
  4 thorn hunters
  An Executioner (Zig:15)
  The ghost of spectralradius the Geomancer, an adept GrEE of Vehumet (Elf:2)
  Frances (Lair:3)
  3 ancient champions
  9 sphinxes
  4 tentacled starspawn (Zig:14)
  6 death cobs
  6 shadow dragons
  13 tengu reavers
  Kirke (D:12)
  Agnes (D:15)
  3 draconian monks
  A revenant (Hell)
  An azure jelly (Zig:9)
  8 draconian knights
  6 storm dragons
  13 nagarajas
  9 fire giants
  The ghost of nubinia the Thaumaturge, a journeyman DsWz of Vehumet (Desolation)
  5 draconian scorchers
  3 ghost moths
  14 frost giants
  4 iron dragons
  2 balrugs
  4 deep elf sorcerers
  4 imperial myrmidons (Desolation)
  Louise (D:15)
  14 vault wardens
  5 orc warlords
  4 draconian stormcallers
  3 draconian shifters
  A draconian annihilator (Zot:3)
  2 spriggan defenders (Depths:3)
  5 war gargoyles
  30 very ugly things
  18 ironheart preservers
  A ghoul (Zig:7)
  2 deep elf elementalists
  8 reapers
  21 stone giants
  2 blood saints (Zig:15)
  Nessos (D:12)
  10 green draconians
  2 corrupters (Zig:14)
  A stone giant (shapeshifter) (Zig:8)
  Azrael (D:13)
  An entropy weaver (Vaults:4)
  5 vampire knights
  14 black draconians
  9 purple draconians
  5 deep elf demonologists
  3 deep elf annihilators
  9 red draconians
  11 yellow draconians
  10 white draconians
  A crystal guardian (Desolation)
  5 spark wasps
  A green death (Depths:3)
  9 deep elf death magi
  12 ettins
  4 blizzard demons
  A merfolk javelineer (Zig:12)
  2 eidola (Zig:7)
  2 mummy priests (Depths:4)
  10 fire dragons
  17 yaktaur captains
  Josephine (D:12)
  Erolcha (D:13)
  2 merfolk impalers (Zig:12)
  6 deep elf high priests
  11 rakshasas
  7 peacekeepers (Desolation)
  14 naga warriors
  3 ragged hierophants (Desolation)
  A kraken zombie (Hell)
  10 great orbs of eyes
  A quicksilver dragon zombie (Dis:3)
  32 vault guards
  2 catoblepae
  7 ice dragons
  22 hydras
  2 hell beasts
  4 servants of whispers (Desolation)
  4 ghost crabs
  67 two-headed ogres
  15 centaur warriors
  A merfolk aquamancer (Zig:12)
  A merfolk avatar (Zig:12)
  10 anacondas
  6 alligators
  2 death knights (Vaults:4)
  27 dancing weapons
  17 ogre magi
  8 deep troll earth magi
  4 hell hogs
  5 orc high priests
  13 tengu warriors
  17 deep troll shamans
  2 vampire magi
  23 naga sharpshooters
  3 thrashing horrors (Zig:14)
  9 shock serpents
  2 titan zombies
  2 spriggan berserkers (Depths:2)
  34 hell knights
  A death yak (IceCv)
  21 deep elf knights
  7 spriggans
  A soul eater (Vaults:2)
  2 sun demons
  2 iron golems (Hell)
  3 wretched stars (Zig:14)
  2 salamander mystics
  15 skeletal warriors
  A spatial maelstrom (Zig:14)
  A golden dragon zombie (Dis:2)
  2 glowing orange brains
  6 shadow wraiths
  3 anaconda zombies
  A sixfirhy (Zig:15)
  5 iron trolls
  A spriggan druid (Swamp:4)
  6 flayed ghosts
  31 deep trolls
  6 shambling mangroves
  An unseen horror (shapeshifter) (Vaults:3)
  A gelid demonspawn (Depths:3)
  6 naga ritualists
  5 sea snakes
  A ghost moth zombie (Dis:5)
  2 shadow demons
  7 wizards
  21 deep elf archers
  17 necromancers
  5 phantasmal warriors
  Pikel (D:5)
  11 swamp dragons
  11 harpies
  2 wolf spider zombies (D:13)
  25 ironbrand convokers
  The ghost of 4thArraOfDagon the Insei, a novice DgWn (D:8)
  A harpy (shapeshifter) (Depths:1)
  23 orc knights
  3 shining eyes
  7 oklob plants
  An iron dragon zombie (Geh:4)
  30 moths of wrath
  A frost giant zombie (Vaults:1)
  10 mana vipers
  A wolf spider (shapeshifter) (Vaults:5)
  78 deep elf magi
  11 salamanders
  6 cyclopes
  9 orc sorcerers
  45 ugly things
  11 wolf spiders
  7 manticores
  A faun (shapeshifter) (Vaults:5)
  A cyclops (shapeshifter) (Depths:5)
  9 elephants
  4 water nymphs (Zig:12)
  2 merfolk sirens (Zig:12)
  2 dire elephant zombies
  9 guardian serpents
  2 frost giant skeletons
  2 fire giant skeletons
  2 ice statues
  6 rust devils
  21 naga magi
  35 black mambas
  21 vault sentinels
  An orange demon (Abyss:2)
  9 smoke demons
  A gargoyle (D:11)
  Psyche (D:12)
  4 molten gargoyles (D:15)
  Joseph (D:9)
  7 hellions
  3 rime drakes
  16 spiny frogs
  3 efreet
  2 demonic crawlers (Zig:3)
  A komodo dragon (shapeshifter) (Depths:2)
  13 freezing wraiths
  13 komodo dragons
  68 yaktaurs
  4 tengu conjurers
  An ancient zyme (Zig:14)
  4 tormentors
  2 hydra zombies
  4 red devils
  4 ice devils
  A meliai (D:13)
  24 hornets
  A jumping spider (shapeshifter) (Vaults:4)
  8 merfolk (Zig:12)
  2 trolls (shapeshifter)
  3 tyrant leeches
  Grinder (D:5)
  10 trolls
  18 polar bears
  A blink frog (shapeshifter) (D:15)
  13 blink frogs
  A slime creature (shapeshifter) (Vaults:4)
  3 ettin zombies
  2 hydra skeletons (Hell)
  33 saltlings (Desolation)
  2 raiju
  20 slime creatures
  8 bog bodies
  An alligator zombie (Hell)
  A hippogriff (shapeshifter) (Vaults:4)
  2 fire dragon zombies
  A snapping turtle (shapeshifter) (Vaults:5)
  A dream sheep (shapeshifter) (Depths:5)
  4 air elementals
  14 hippogriffs
  A frost giant simulacrum (Vaults:1)
  4 starcursed masses (Zig:14)
  2 centaur simulacra
  2 human simulacra (Vaults:1)
  A redback (Vaults:4)
  15 flying skulls
  2 snapping turtles (Zig:12)
  A spriggan (shapeshifter) (Depths:2)
  2 redbacks (shapeshifter)
  54 yaks
  A tarantella (shapeshifter) (Vaults:2)
  A ynoxinul (Abyss:2)
  10 wraiths
  7 shadows
  8 vampires
  2 ettin skeletons
  19 fire elementals
  A yak (shapeshifter) (Vaults:1)
  A wyvern (shapeshifter) (Vaults:5)
  7 hogs
  2 basilisks
  8 water elementals
  A fire bat (shapeshifter) (Depths:1)
  20 humans
  5 wyverns
  7 chaos spawn
  4 hungry ghosts
  A neqoxec (Zig:14)
  A steam dragon (D:13)
  A redback simulacrum (D:15)
  3 spatial vortices
  10 large abominations
  A soldier ant (D:14)
  11 swamp worms
  10 wargs
  A warg (shapeshifter) (Depths:2)
  16 insubstantial wisps
  22 vampire mosquitoes
  A naga (shapeshifter) (Depths:1)
  A spiny frog zombie (Hell)
  2 two-headed ogre zombies (WizLab)
  34 hell hounds
  An acid dragon (shapeshifter) (Vaults:5)
  A deep troll skeleton (Vaults:1)
  A hydra simulacrum (Hell)
  Duvessa (D:7)
  61 nagas
  2 acid dragons
  11 water moccasins
  7 porcupines
  7 sky beasts
  15 swamp drakes
  A black bear (shapeshifter) (Vaults:3)
  62 orc warriors
  2 phantoms
  14 black bears
  2 ice beasts
  3 slaves (D:5)
  A snapping turtle zombie (Dis:2)
  An eye of draining (shapeshifter) (Vaults:5)
  3 eyes of draining
  An orc zombie (Vaults:2)
  3 necrophages
  26 wolves
  18 centaurs
  47 ogres
  An elf skeleton (Vaults:1)
  A manticore skeleton (Geh:3)
  3 big kobolds
  11 crocodiles
  A crocodile (shapeshifter) (Vaults:1)
  Blork the orc (D:4)
  22 bullfrogs
  A gnoll sergeant (Zig:11)
  A wyvern zombie (D:15)
  6 small abominations
  8 troll zombies (WizLab)
  Dowan (D:7)
  4 scorpions
  5 killer bees (D:13)
  15 wights
  7 howler monkeys
  4 electric eels
  9 crimson imps
  3 bullfrog zombies
  4 centaur zombies
  10 hounds
  10 jellies
  A wyvern simulacrum (D:14)
  A jelly (shapeshifter) (Elf:2)
  2 quasits (D:11)
  30 orc priests
  2 bullfrog skeletons
  5 centaur skeletons
  4 iron imps
  A human skeleton (D:10)
  Ijyb (D:2)
  7 iguanas
  36 orc wizards
  15 worker ants
  A lightning spire (Zig:8)
  A killer bee zombie (D:7)
  4 ogre zombies (WizLab)
  A hound zombie (D:8)
  A hound skeleton (D:4)
  2 mummies
  A howler monkey zombie (D:7)
  A worker ant zombie (D:8)
  9 gnolls
  A howler monkey skeleton (D:10)
  12 adders
  3 river rats
  2 shadow imps
  8 oozes
  An adder zombie (D:8)
  An adder skeleton (D:8)
  6 worms
  A dart slug (D:1)
  9 leopard geckos
  109 orcs
  3 ball pythons
  2 giant cockroaches
  9 goblins
  10 hobgoblins
  10 jackals
  13 kobolds
  7 quokkas
  7 bats
  8 frilled lizards
  6 gnoll skeletons (Ossuary)
  A jackal skeleton (D:5)
  7 kobold skeletons (Ossuary)
  12 orc skeletons (Ossuary)
  A quokka zombie (D:7)
  10 rats
  3 crawling corpses
  3 fire vortices (Zig:15)
  A pillar of salt (Vaults:2)
  A plant (Snake:2)
  10 starspawn tentacles (Zig:14)
  A tentacle (Hell)
2916 creatures vanquished.

Vanquished Creatures (collateral kills)
  A juggernaut (Zig:11)
  An ancient lich (Zig:5)
  3 Killer Klowns (Zig:8)
  A golden dragon (Depths:2)
  An Ice Fiend (Dis:3)
  2 liches
  A quicksilver dragon (Zot:4)
  Asterion (Snake:1)
  2 deep elf master archers (Elf:3)
  2 acid blobs (Zig:9)
  An ancient champion (Dis:3)
  A tengu reaver (D:13)
  2 shadow dragons
  3 nagarajas (Snake:4)
  A draconian monk (Zot:4)
  An azure jelly (Zig:9)
  2 storm dragons
  A frost giant (Vaults:1)
  2 draconian knights
  A deep elf sorcerer (Elf:3)
  3 vault wardens
  2 draconian shifters
  An iron dragon (Depths:1)
  A reaper (Geh:4)
  A war gargoyle (Vaults:2)
  A stone giant (Depths:2)
  A very ugly thing (Depths:3)
  An ironheart preserver (Vaults:2)
  2 green draconians (Zot:3)
  2 deep elf annihilators (Elf:3)
  A vampire knight (Depths:2)
  A spark wasp (Depths:2)
  2 black draconians (Zot:3)
  2 deep elf demonologists
  4 red draconians
  2 white draconians (Zot:1)
  A yellow draconian (Zot:1)
  3 purple draconians
  7 deep elf death magi (Elf:3)
  2 deep elf high priests (Elf:3)
  4 ettins
  A great orb of eyes (Depths:2)
  A ragged hierophant (Desolation)
  A servant of whispers (Desolation)
  A yaktaur captain (Depths:2)
  A fire dragon (Vaults:2)
  10 naga warriors
  A peacekeeper (Desolation)
  2 hydras (Swamp:4)
  4 vault guards (Vaults:2)
  An anaconda (Snake:3)
  4 centaur warriors
  2 ogre magi
  A two-headed ogre (Vaults:1)
  A tengu warrior (D:13)
  6 dancing weapons (Elf:2)
  A deep troll shaman (Depths:5)
  A deep troll earth mage (Depths:2)
  A naga sharpshooter (Snake:2)
  2 spriggan berserkers
  4 deep elf knights (Elf:3)
  4 small abominations
  2 sun demons (Depths:1)
  2 soul eaters
  4 hell knights
  2 skeletal warriors (WizLab)
  A glowing orange brain (Depths:2)
  3 deep trolls
  An anaconda zombie (Dis:3)
  2 swamp dragons (Swamp:4)
  2 naga ritualists
  2 ironbrand convokers
  A flayed ghost (Depths:2)
  2 harpies
  A phantasmal warrior (Dis:2)
  4 large abominations (Depths:1)
  A deep elf archer (Elf:3)
  An orc knight (Vaults:1)
  9 deep elf magi
  A wolf spider (Vaults:5)
  A mana viper (shapeshifter) (Depths:5)
  A mana viper (Snake:3)
  A wolf spider zombie (Geh:4)
  6 ugly things
  A salamander (shapeshifter) (Vaults:2)
  3 orc sorcerers (Zig:10)
  2 moths of wrath (Zig:10)
  A dire elephant zombie (Dis:3)
  A vault sentinel (Vaults:1)
  A naga mage (Snake:4)
  A molten gargoyle (Desolation)
  A black mamba (Snake:1)
  A guardian serpent (Snake:4)
  A smoke demon (Zig:14)
  3 yaktaurs (Vaults:1)
  2 freezing wraiths
  A tormentor (Dis:2)
  A human skeleton (Vaults:2)
  A harpy zombie (Dis:3)
  A merfolk (Zig:12)
  2 red devils
  A polar bear (Lair:6)
  A troll (Depths:2)
  6 slime creatures
  15 saltlings (Desolation)
  A snapping turtle (Zig:12)
  A flying skull (Dis:3)
  An ettin skeleton (Vaults:2)
  An alligator skeleton (Dis:2)
  2 fire elementals
  A wraith (Geh:3)
  A human (Depths:5)
  A vampire mosquito (Swamp:1)
  3 swamp worms (Swamp:4)
  2 wargs
  22 nagas
  5 hell hounds
  2 swamp drakes (Swamp:4)
  An eye of draining (D:13)
  5 orc warriors
  An ogre (shapeshifter) (Depths:2)
  A centaur (Depths:5)
  4 ogres
  A glowing shapeshifter simulacrum (Vaults:2)
  2 wights (Dis:2)
  An orc priest (Zig:10)
  An iron imp (Dis:2)
  A mummy (Dis:2)
  2 orcs (Depths:2)
  A fire vortex (Zig:15)
  2 starspawn tentacles (Zig:14)
  A tentacle (Hell)
288 creatures vanquished.

Vanquished Creatures (others)
  A Tzitzimitl (Zig:15)
  An ancient champion (Dis:3)
  A fire giant (Depths:5)
  A vault warden (Vaults:5)
  A stone giant (Depths:2)
  A black draconian (Zot:3)
  6 yaktaur captains
  A centaur warrior (Vaults:2)
  2 naga sharpshooters (Snake:4)
  2 deep elf knights (Elf:2)
  A wizard (Vaults:3)
  4 deep elf archers
  An unseen horror (D:13)
  A deep elf mage (Elf:1)
  2 cyclopes
  A salamander (Depths:4)
  A rime drake (IceCv)
  9 yaktaurs
  3 polar bears
  A merfolk (Zig:12)
  A saltling (Desolation)
  3 yaks (IceCv)
  A chaos spawn (Zig:8)
  A vampire mosquito (Swamp:1)
  A yaktaur simulacrum (Vaults:1)
  A warg (Zig:10)
  An orc warrior (Vaults:5)
  8 wolves (IceCv)
  5 centaurs
  A wight (Geh:1)
  An orc priest (Orc:2)
  An iguana (D:13)
  An orc wizard (Orc:2)
  A mummy (Dis:5)
  3 orcs
  A briar patch (Swamp:3)
  2 fire vortices (Zig:15)
  5 fungi
  3 pillars of salt (Vaults:2)
  21 plants
  2 starspawn tentacles (Zig:14)
  3 tentacles (Hell)
108 creatures vanquished.

Grand Total: 3312 creatures vanquished

Notes
Turn   | Place    | Note
-------+----------+-------------------------------------------
     0 | D:1      | Ijustatesigmund the Gargoyle Wizard began the quest for the Orb.
     0 | D:1      | Reached XP level 1. HP: 10/10 MP: 4/4
   172 | D:1      | Reached skill level 2 in Conjurations
   222 | D:1      | Reached XP level 2. HP: 15/15 MP: 0/6
   309 | D:1      | Learned a level 2 spell: Blink
   594 | D:1      | Reached skill level 1 in Maces & Flails
   876 | D:1      | Reached XP level 3. HP: 19/19 MP: 1/7
  1312 | D:2      | Reached skill level 3 in Conjurations
  1426 | D:2      | Noticed Ijyb
  1436 | D:2      | Killed Ijyb
  1436 | D:2      | Reached XP level 4. HP: 24/24 MP: 0/8
  1947 | D:3      | Reached skill level 1 in Translocations
  1947 | D:3      | Reached XP level 5. HP: 26/28 MP: 4/9
  2370 | D:3      | Reached skill level 1 in Fighting
  2371 | D:3      | You fall through a shaft for 3 floors!
  2392 | D:6      | Learned a level 3 spell: Conjure Flame
  2396 | D:6      | Learned a level 3 spell: Mephitic Cloud
  2398 | D:6      | Found a stormy altar of Qazlal.
  2504 | D:6      | Reached skill level 4 in Conjurations
  2524 | D:6      | Reached XP level 6. HP: 15/35 MP: 2/10
  2846 | D:5      | Entered Level 5 of the Dungeon
  2993 | D:4      | Noticed Blork the orc
  2997 | D:4      | Killed Blork the orc
  3226 | D:4      | Reached skill level 5 in Conjurations
  3226 | D:4      | Reached XP level 7. HP: 31/41 MP: 1/11
  3395 | D:4      | Found a glowing drain.
  3405 | Sewer    | Entered a sewer
  3877 | Sewer    | Reached skill level 1 in Fire Magic
  3877 | Sewer    | Reached skill level 1 in Air Magic
  3877 | Sewer    | Reached skill level 1 in Poison Magic
  4741 | D:5      | Reached XP level 8. HP: 43/46 MP: 5/12
  4793 | D:5      | Found a staircase to the Ecumenical Temple.
  4815 | Temple   | Entered the Ecumenical Temple
  4862 | Temple   | Became a worshipper of Vehumet
  5218 | D:5      | Noticed Eustachio
  5221 | D:5      | Noticed Grinder
  5613 | D:5      | Found a sparkling altar of Nemelex Xobeh.
  6279 | D:7      | Reached XP level 9. HP: 33/53 MP: 2/15
  6296 | D:7      | Reached skill level 5 in Fighting
  6680 | D:7      | Reached * piety under Vehumet
  6680 | D:7      | Offered knowledge of Shock by Vehumet.
  6841 | D:7      | Reached skill level 5 in Spellcasting
  7201 | D:7      | Noticed Dowan
  7202 | D:7      | Noticed Duvessa
  7219 | D:7      | Killed Dowan
  7355 | D:7      | Killed Duvessa
  7493 | D:7      | Found a sparkling altar of Nemelex Xobeh.
  7558 | D:7      | Found Zoath's Book Shop.
  7771 | D:5      | Killed Grinder
  7791 | D:5      | Reached ** piety under Vehumet
  7795 | D:5      | Offered knowledge of Searing Ray by Vehumet.
  7799 | D:5      | Learned a level 2 spell: Searing Ray
  8045 | D:5      | Identified a scroll of acquirement
  8048 | D:5      | Got a warped hat
  8059 | D:5      | Identified the -5 hat of Watchfulness {rC+++ Str-5 Int-4 SInv} (You acquired it on level 5 of the Dungeon)
  8086 | D:5      | Reached XP level 10. HP: 59/59 MP: 7/20
  8502 | D:5      | Noticed Pikel
  8557 | D:5      | Killed Pikel
  8761 | D:8      | Found a white marble altar of Elyvilon.
  8794 | D:8      | Reached skill level 1 in Shields
  8861 | D:8      | Found Kuepnih's Antique Weapon Shop.
  8890 | D:8      | Found a hazy altar of Hepliaklqana.
  8926 | D:8      | Found a sand-covered staircase.
  8932 | D:8      | Found an iron altar of Okawaru.
  8936 | D:8      | Noticed 4thArraOfDagon's ghost (novice DgWn)
  8939 | D:8      | Offered knowledge of Static Discharge by Vehumet.
  8943 | Ossuary  | Entered an ossuary
  8978 | Ossuary  | Reached *** piety under Vehumet
  9334 | D:8      | Killed 4thArraOfDagon's ghost
  9513 | D:8      | Found a glowing silver altar of Zin.
  9513 | D:8      | Found a deep blue altar of Sif Muna.
  9513 | D:8      | Found a snail-covered altar of Cheibriados.
  9514 | D:8      | Found a sacrificial altar of Ru.
  9514 | D:8      | Found an opulent altar of Gozag.
  9647 | D:8      | Offered knowledge of Iskenderun's Mystic Blast by Vehumet.
  9647 | D:8      | Reached skill level 5 in Shields
  9695 | D:8      | Learned a level 4 spell: Iskenderun's Mystic Blast
  9945 | D:9      | Noticed Joseph
 10192 | D:9      | Killed Joseph
 10276 | D:9      | Noticed a two-headed ogre
 10311 | D:9      | Reached **** piety under Vehumet
 10327 | D:9      | Killed a two-headed ogre
 10327 | D:9      | Reached skill level 5 in Maces & Flails
 10327 | D:9      | Reached XP level 11. HP: 52/64 MP: 7/23
 10448 | D:9      | Offered knowledge of Stone Arrow by Vehumet.
 10461 | D:9      | Learned a level 3 spell: Stone Arrow
 10515 | D:9      | Found a staircase to the Orcish Mines.
 10847 | D:9      | Reached skill level 1 in Armour
 10879 | D:9      | Noticed a two-headed ogre
 10887 | D:9      | Killed a two-headed ogre
 10887 | D:9      | Reached skill level 1 in Earth Magic
 11227 | D:9      | Learned a level 1 spell: Apportation
 11603 | D:10     | Entered Level 10 of the Dungeon
 12085 | D:10     | Found a staircase to the Lair.
 12433 | D:10     | Found a runed door.
 12437 | D:10     | Reached skill level 6 in Conjurations
 12439 | D:10     | Found a basalt altar of Yredelemnul.
 12655 | D:10     | Reached ***** piety under Vehumet
 12657 | D:10     | Offered knowledge of Orb of Destruction by Vehumet.
 12706 | D:10     | Learned a level 7 spell: Orb of Destruction
 13578 | D:10     | Reached skill level 5 in Armour
 13578 | D:10     | Reached skill level 7 in Conjurations
 14213 | D:11     | Noticed a purple ugly thing
 14242 | D:11     | Killed a purple ugly thing
 14242 | D:11     | Reached skill level 8 in Conjurations
 14242 | D:11     | Reached XP level 12. HP: 52/71 MP: 10/24
 14399 | D:11     | Noticed a two-headed ogre
 14404 | D:11     | Killed a two-headed ogre
 14547 | D:11     | Reached skill level 9 in Conjurations
 14710 | D:12     | Got a fine plate armour
 14728 | D:11     | Identified the cursed +0 plate armour of Patterns {MP+9 Int+5} (You found it on level 12 of the Dungeon)
 14803 | D:12     | Noticed Nessos
 14828 | D:12     | Killed Nessos
 15059 | D:12     | Reached skill level 10 in Conjurations
 15456 | D:12     | Noticed a two-headed ogre
 15474 | D:12     | Killed a two-headed ogre
 15623 | D:12     | Noticed Psyche
 15724 | D:12     | Killed Psyche
 15870 | Orc:1    | Entered Level 1 of the Orcish Mines
 16232 | Orc:2    | Entered Level 2 of the Orcish Mines
 16383 | Orc:2    | Noticed an orc warlord
 16737 | Orc:1    | Offered knowledge of Iron Shot by Vehumet.
 17013 | Orc:2    | Reached skill level 11 in Conjurations
 17377 | Orc:2    | Found Biliokuc's General Store.
 17393 | Orc:2    | Bought a scroll of identify for 28 gold pieces
 17474 | Orc:2    | Found a staircase to the Elven Halls.
 17868 | Lair:1   | Entered Level 1 of the Lair of Beasts
 17883 | Lair:1   | Learned a level 6 spell: Iron Shot
 19103 | Lair:2   | Reached XP level 13. HP: 65/78 MP: 23/26
 19145 | Lair:2   | Found a glowing golden altar of the Shining One.
 19172 | Lair:2   | Reached skill level 5 in Earth Magic
 19845 | Lair:3   | Found a frozen archway.
 19856 | IceCv    | Entered an ice cave
 21155 | IceCv    | Noticed a frost giant
 21171 | IceCv    | Killed a frost giant
 21259 | IceCv    | Offered knowledge of Bolt of Fire by Vehumet.
 21320 | IceCv    | Identified the Handbook of Ice
 21377 | Lair:3   | Upgraded the game from 0.20-a0-839-gdaf5c57 to 0.20-a0-848-g73d9be0
 21608 | Lair:3   | Found a staircase to the Snake Pit.
 21787 | Lair:3   | Found a staircase to the Swamp.
 22669 | D:12     | Reached skill level 10 in Fighting
 22964 | D:13     | Noticed Josephine
 22980 | D:12     | Killed Josephine
 23212 | D:13     | Noticed Kirke
 23411 | D:13     | Noticed Azrael
 23519 | D:13     | Noticed Rupert
 23570 | D:12     | Gained mutation: Your large and strong wings let you fly indefinitely. [Gargoyle growth]
 23570 | D:12     | Reached XP level 14. HP: 71/88 MP: 5/27
 23664 | D:13     | Noticed Erolcha
 23667 | D:13     | Killed Erolcha
 23786 | D:13     | Got a smoking glaive
 24195 | Lair:2   | Learned a level 6 spell: Bolt of Fire
 24526 | Lair:4   | Reached skill level 10 in Earth Magic
 24848 | Lair:4   | Offered knowledge of Bolt of Draining by Vehumet.
 25169 | Lair:4   | Reached skill level 5 in Fire Magic
 25492 | Lair:4   | Reached skill level 12 in Conjurations
 26118 | Lair:5   | Found a hide-covered altar of Uskayaw.
 26790 | Lair:6   | Entered Level 6 of the Lair of Beasts
 28672 | Lair:6   | Found a staircase to the Slime Pits.
 29246 | Lair:6   | Reached skill level 5 in Dodging
 29278 | Lair:6   | Reached XP level 15. HP: 93/93 MP: 13/28
 29437 | Lair:6   | Reached skill level 5 in Translocations
 30059 | D:12     | Killed Kirke
 30146 | D:13     | Found Unorof's Assorted Antiques.
 30193 | D:13     | Killed Rupert
 30669 | D:14     | Reached skill level 10 in Spellcasting
 30862 | D:13     | Killed Azrael
 31509 | D:14     | Reached ****** piety under Vehumet
 31524 | D:14     | You fall through a shaft!
 31524 | D:15     | Entered Level 15 of the Dungeon
 33045 | D:14     | Offered knowledge of Freezing Cloud by Vehumet.
 33703 | D:13     | Bought a scroll of remove curse for 63 gold pieces
 33703 | D:13     | Bought the +2 shield of Resistance {rF+ rC+ MR+} for 863 gold pieces
 34152 | Orc:2    | Reached XP level 16. HP: 100/100 MP: 24/31
 34968 | Orc:2    | Offered knowledge of Spellforged Servitor by Vehumet.
 35169 | Orc:2    | Found Jauhialoe's Gadget Boutique.
 35169 | Orc:2    | Found Emuvedua's Gadget Shoppe.
 35171 | Orc:2    | Found Jeafruph's General Store.
 35171 | Orc:2    | Found Homiobid's Book Boutique.
 35189 | Orc:2    | Bought a scroll of identify for 24 gold pieces
 35223 | Elf:1    | Entered Level 1 of the Elven Halls
 35734 | Elf:1    | Learned a level 7 spell: Spellforged Servitor
 35762 | Elf:1    | Reached skill level 1 in Summonings
 36313 | Elf:1    | Reached skill level 5 in Summonings
 36395 | Elf:1    | Got a steaming dagger
 36482 | Elf:1    | Identified the +6 dagger "Jimpowac" {freeze, +Fly rPois Stlth+} (You found it on level 1 of the Elven Halls)
 36548 | Elf:1    | Found Hulluv's Antique Weapon Boutique.
 36711 | Elf:2    | Found Yromanti's Book Shop.
 37230 | Elf:3    | Entered Level 3 of the Elven Halls
 37500 | Elf:2    | Found a runed door.
 37622 | Elf:2    | Offered knowledge of Conjure Ball Lightning by Vehumet.
 38186 | Elf:2    | Found a runed door.
 38215 | Elf:2    | Noticed spectralradius's ghost (adept GrEE)
 38236 | Elf:2    | Noticed a deep elf blademaster
 38348 | Elf:1    | Reached XP level 17. HP: 104/104 MP: 9/32
 38510 | Swamp:1  | Entered Level 1 of the Swamp
 38510 | Swamp:1  | Noticed Frances
 38675 | Lair:3   | Killed Frances
 39109 | Swamp:1  | Reached skill level 10 in Summonings
 40147 | Swamp:2  | Noticed Roxanne
 40623 | Swamp:2  | Reached skill level 13 in Conjurations
 41297 | Swamp:2  | Offered knowledge of Glaciate by Vehumet.
 41297 | Swamp:2  | Offered knowledge of Shatter by Vehumet.
 41297 | Swamp:2  | Offered knowledge of Ignition by Vehumet.
 42887 | Swamp:4  | Entered Level 4 of the Swamp
 43412 | Swamp:4  | Reached skill level 14 in Conjurations
 43712 | Swamp:4  | Noticed Nikola
 43719 | Swamp:4  | Killed Nikola
 44481 | Swamp:4  | Noticed the 27-headed Lernaean hydra
 44567 | Swamp:4  | Killed the 27-headed Lernaean hydra
 44567 | Swamp:4  | Reached XP level 18. HP: 91/110 MP: 9/35
 44971 | Swamp:4  | Got a decaying rune of Zot
 45322 | Snake:1  | Entered Level 1 of the Snake Pit
 45519 | Snake:1  | Reached skill level 1 in Evocations
 45776 | Snake:1  | Noticed Asterion
 46073 | Snake:1  | Reached skill level 15 in Conjurations
 46478 | Elf:2    | Killed spectralradius's ghost
 46789 | Elf:2    | Killed a deep elf blademaster
 47748 | Elf:3    | Found Ganics's Book Shoppe.
 48694 | Elf:3    | Noticed a deep elf master archer
 48699 | Elf:3    | Killed a deep elf master archer
 48866 | Elf:3    | Noticed a deep elf blademaster
 48871 | Elf:3    | Killed a deep elf blademaster
 48871 | Elf:3    | Reached skill level 5 in Evocations
 49166 | Elf:3    | Noticed a deep elf master archer
 49230 | Elf:3    | Noticed a deep elf blademaster
 49251 | Elf:3    | Killed a deep elf master archer
 49524 | Elf:3    | Killed a deep elf blademaster
 49684 | Elf:3    | Reached skill level 16 in Conjurations
 49684 | Elf:3    | Reached XP level 19. HP: 114/114 MP: 34/36
 50251 | Elf:3    | Noticed a Tzitzimitl
 50541 | Elf:3    | Got a jewelled great mace {elec}
 51002 | Elf:3    | Got a polished flail {venom}
 51114 | Elf:3    | Identified the +2 flail of the Boar {venom, rElec rPois} (You took it off a deep elf death mage on level 3 of the Elven Halls)
 51117 | Elf:3    | Identified the +11 great mace of Iqiam {elec, rElec Dex+3} (You took it off a deep elf demonologist on level 3 of the Elven Halls)
 51192 | Elf:3    | Learned a level 1 spell: Summon Butterflies
 51411 | Elf:3    | Reached skill level 1 in Throwing
 51933 | D:13     | Reached skill level 5 in Throwing
 52179 | D:13     | Found a gate to the Vaults.
 52354 | D:13     | Got a translucent ivory ring
 52356 | D:13     | Identified the ring "Qicymame" {rC+ Str+5 Stlth-} (You found it on level 13 of the Dungeon)
 52510 | Vaults:1 | Entered Level 1 of the Vaults
 53359 | Vaults:1 | Reached skill level 10 in Throwing
 53584 | Vaults:1 | Identified Sif Muna's Catalogue of the Glacier and Companions
 53891 | Vaults:1 | Identified the Compendium of the Snail
 54006 | Vaults:1 | Upgraded the game from 0.20-a0-848-g73d9be0 to 0.20-a0-850-ge5a7832
 54908 | Snake:1  | Killed Asterion
 54916 | Snake:1  | Reached XP level 20. HP: 117/124 MP: 14/37
 55579 | Snake:2  | Found Rewk's Book Boutique.
 55583 | Snake:2  | Bought a manual of Throwing for 1876 gold pieces
 55765 | Snake:2  | Noticed Jorgrun
 55770 | Snake:2  | Killed Jorgrun
 56487 | Snake:2  | Identified the +4 scale mail of the Scribe {rPois rF+ Int+5 Slay-4} (You found it on level 2 of the Snake Pit)
 58758 | Snake:4  | Entered Level 4 of the Snake Pit
 58843 | Snake:4  | Learned a level 5 spell: Iskenderun's Battlesphere
 58901 | Snake:4  | Reached skill level 1 in Charms
 59396 | Snake:4  | Found Diof's Food Shoppe.
 59400 | Snake:4  | Bought a royal jelly for 26 gold pieces
 59400 | Snake:4  | Bought a bread ration for 65 gold pieces
 59400 | Snake:4  | Bought a bread ration for 65 gold pieces
 59400 | Snake:4  | Bought 4 fruits for 78 gold pieces
 59400 | Snake:4  | Bought a royal jelly for 26 gold pieces
 59400 | Snake:4  | Bought a meat ration for 65 gold pieces
 60245 | Snake:4  | Reached skill level 5 in Stealth
 60954 | Snake:4  | Reached skill level 5 in Charms
 61021 | Snake:4  | Reached XP level 21. HP: 132/132 MP: 20/38
 61970 | Snake:4  | Got a serpentine rune of Zot
 62172 | Snake:4  | Reached skill level 10 in Shields
 63108 | Vaults:2 | Found a ruined gateway.
 63117 | Desolati | Entered the Desolation of Salt
 63274 | Desolati | Noticed nubinia's ghost (journeyman DsWz)
 63443 | Desolati | Identified the Almanac of Shifting Toxins
 63444 | Desolati | Got a smoking silver ring
 63461 | Desolati | Identified the ring of Bodily Harmony {+Fly rF+ Int+3} (You took it off an imperial myrmidon in the Desolation of Salt)
 63466 | Desolati | Identified the +7 great mace of Lies {drain, rF+ rC+ Dex+2} (You found it in the Desolation of Salt)
 64140 | Desolati | Killed nubinia's ghost
 64403 | Desolati | Identified the scarf "Qiajyriribb" {rN+ MR- Dex+3} (You found it in the Desolation of Salt)
 64488 | Desolati | Identified the +5 great mace "Vuivuff" {freeze, *Noise rPois rN+++ Str-2 SInv} (You found it in the Desolation of Salt)
 64523 | Desolati | Got a warped marble ring
 64526 | Desolati | Identified the ring "Qoydduetz" {Wiz +Fly Dex+3} (You found it in the Desolation of Salt)
 64530 | Desolati | Got a shadowed robe
 64542 | Desolati | Identified the cursed -5 robe of Misfortune {-Cast *Contam *Tele *Drain EV-5 Stlth-- *Curse} (You found it in the Desolation of Salt)
 64584 | Desolati | Gained mutation: You occasionally shout uncontrollably at your foes. [mutagenic glow]
 64762 | Desolati | Reached XP level 22. HP: 119/137 MP: 15/40
 65729 | Vaults:2 | Reached skill level 15 in Spellcasting
 65996 | Vaults:2 | Found a staircase to the Crypt.
 67197 | Lair:1   | Learned a level 5 spell: Lee's Rapid Deconstruction
 67372 | D:15     | Noticed Agnes
 67376 | D:15     | Killed Agnes
 67921 | D:15     | Found a radiant altar of Vehumet.
 68503 | D:15     | Noticed Louise
 68517 | D:15     | Killed Louise
 68738 | D:15     | Found a staircase to the Depths.
 69044 | Depths:1 | Entered Level 1 of the Depths
 69717 | Depths:1 | Reached skill level 5 in Poison Magic
 70112 | Depths:1 | Reached skill level 10 in Maces & Flails
 70114 | Depths:1 | Upgraded the game from 0.20-a0-850-ge5a7832 to 0.20-a0-870-g4070442
 70274 | Depths:1 | Noticed Bai Suzhen
 70286 | Depths:1 | Killed Bai Suzhen
 70968 | Depths:1 | Reached XP level 23. HP: 138/142 MP: 3/43
 72058 | Depths:1 | Found a gateway to Hell.
 72709 | Depths:2 | Reached skill level 15 in Throwing
 72837 | Depths:2 | Noticed a golden dragon
 72920 | Depths:2 | Killed a golden dragon
 74653 | Depths:2 | Reached skill level 10 in Stealth
 74836 | Depths:2 | Noticed Saint Roka
 74845 | Depths:2 | Killed Saint Roka
 75986 | Depths:3 | Found a one-way gate leading to the halls of Pandemonium.
 76361 | Depths:3 | Reached skill level 5 in Air Magic
 76619 | Depths:2 | Reached XP level 24. HP: 145/148 MP: 41/43
 77241 | Depths:4 | Learned a level 6 spell: Freezing Cloud
 77248 | Depths:4 | Found a one-way gate to the infinite horrors of the Abyss.
 77270 | Depths:4 | Reached skill level 1 in Ice Magic
 77803 | Depths:4 | Found a magical portal.
 77808 | WizLab   | Entered Zonguldrok's Shrine
 77867 | WizLab   | Reached skill level 5 in Ice Magic
 78324 | WizLab   | Noticed an antique lich
 78328 | WizLab   | Killed an antique lich
 78579 | Depths:4 | Found a gateway to a ziggurat.
 78778 | Depths:4 | Noticed a greater mummy
 78790 | Depths:4 | Killed a greater mummy
 79769 | Vaults:3 | You fall through a shaft!
 79911 | Vaults:4 | Reached skill level 10 in Fire Magic
 79916 | Vaults:4 | Noticed Boris
 79935 | Vaults:4 | Killed Boris
 79941 | Vaults:4 | Reached skill level 15 in Fighting
 80225 | Vaults:4 | Upgraded the game from 0.20-a0-870-g4070442 to 0.20-a0-871-g785f14b
 80810 | Vaults:3 | Reached XP level 25. HP: 144/156 MP: 6/43
 84933 | Depths:4 | Noticed a greater mummy
 84935 | Depths:4 | Noticed a greater mummy
 84943 | Depths:4 | Killed a greater mummy
 84962 | Depths:4 | Killed a greater mummy
 85872 | Depths:5 | Entered Level 5 of the Depths
 86346 | Depths:5 | Found a flickering gateway to a bazaar.
 86356 | Depths:5 | Found a portal to a secret trove of treasure.
 86375 | Bazaar   | Entered a bazaar
 86481 | Bazaar   | Found Buretsig's Distillery.
 86496 | Bazaar   | Found Cemneun's General Store.
 86502 | Bazaar   | Found Coaxoip's Food Shoppe.
 86508 | Bazaar   | Found Zauxaf's Food Shop.
 86515 | Bazaar   | Found Yngy's Food Shop.
 86523 | Bazaar   | Bought a meat ration for 55 gold pieces
 86523 | Bazaar   | Bought a meat ration for 55 gold pieces
 86523 | Bazaar   | Bought a meat ration for 55 gold pieces
 86529 | Bazaar   | Bought a meat ration for 55 gold pieces
 86541 | Bazaar   | Bought a scroll of enchant armour for 97 gold pieces
 86541 | Bazaar   | Bought a scroll of teleportation for 39 gold pieces
 86541 | Bazaar   | Bought a scroll of identify for 26 gold pieces
 86541 | Bazaar   | Bought a scroll of identify for 26 gold pieces
 86555 | Bazaar   | Bought a potion of cancellation for 88 gold pieces
 86555 | Bazaar   | Bought a potion of brilliance for 44 gold pieces
 86555 | Bazaar   | Bought a potion of might for 44 gold pieces
 86555 | Bazaar   | Bought 2 potions of heal wounds for 110 gold pieces
 86555 | Bazaar   | Bought a potion of curing for 33 gold pieces
 86555 | Bazaar   | Bought a potion of heal wounds for 55 gold pieces
 86555 | Bazaar   | Bought a potion of resistance for 110 gold pieces
 86555 | Bazaar   | Bought a potion of haste for 110 gold pieces
 86555 | Bazaar   | Bought a potion of curing for 33 gold pieces
 86983 | Depths:5 | Reached XP level 26. HP: 128/163 MP: 28/44
 87394 | Depths:5 | Found a gate to the Realm of Zot.
 87794 | Depths:5 | Learned a level 8 spell: Ignition
 87855 | Depths:5 | Identified the +0 pair of gloves of the Final Blessings {*Contam Dex+2 SInv} (You found it on level 5 of the Depths)
 88197 | Depths:5 | Upgraded the game from 0.20-a0-871-g785f14b to 0.20-a0-876-g2c7b0bf
 88771 | Vaults:5 | Entered Level 5 of the Vaults
 88994 | Vaults:4 | Reached skill level 10 in Armour
 89642 | Vaults:4 | Reached skill level 15 in Shields
 91440 | Vaults:5 | Got a flickering lead ring
 91442 | Vaults:5 | Identified the ring "Ucash" {rPois MR+ Str+4 Stlth+} (You took it off a tengu reaver on level 5 of the Vaults)
 91577 | Vaults:5 | Reached XP level 27. HP: 158/168 MP: 31/45
 91932 | Vaults:5 | Got a pitted steel ring
 91933 | Vaults:5 | Identified the cursed ring of Day {rPois rF++ rN+ Str-5 Dex-2} (You found it on level 5 of the Vaults)
 92737 | Vaults:4 | Cast into level 2 of the Abyss (vault guard)
 92890 | Abyss:2  | Gained mutation: You sometimes yell uncontrollably at your foes. [a shining eye]
 92929 | Vaults:4 | Escaped the Abyss
 93163 | Vaults:5 | Identified Tyuc's Collected Works on Creation and Unholy Magic
 93482 | Vaults:5 | Learned a level 2 spell: Swiftness
 93595 | Vaults:5 | Got a silver rune of Zot
 94587 | Vaults:5 | Identified the +2 leather armour "Arefrea" {-Cast Regen+ Int+6 SInv} (You found it on level 5 of the Vaults)
 94640 | Vaults:5 | Learned a level 4 spell: Passage of Golubria
 94913 | Lair:1   | Learned a level 3 spell: Ignite Poison
 95129 | Zig:1    | Entered Level 1 of a ziggurat
 95197 | Zig:2    | Entered Level 2 of a ziggurat
 95331 | Zig:3    | Entered Level 3 of a ziggurat
 95448 | Zig:4    | Entered Level 4 of a ziggurat
 95974 | Zig:4    | Identified the +7 halberd of Xopsuuj {vamp, rPois Str-5 Int+2} (You found it on level 4 of a ziggurat)
 95980 | Zig:5    | Entered Level 5 of a ziggurat
 95982 | Zig:5    | Noticed an ancient lich
 95985 | Zig:5    | Reached skill level 17 in Conjurations
 95989 | Zig:5    | Killed an ancient lich
 96030 | Zig:5    | Got a heavily runed copper ring
 96031 | Zig:5    | Identified the ring "Tiasary" {Dex+4 Slay+2} (You found it on level 5 of a ziggurat)
 96164 | Zig:6    | Entered Level 6 of a ziggurat
 96278 | Zig:6    | Reached skill level 18 in Conjurations
 96400 | Zig:7    | Entered Level 7 of a ziggurat
 96426 | Zig:7    | Reached skill level 20 in Conjurations
 96532 | Zig:8    | Entered Level 8 of a ziggurat
 96738 | Zig:9    | Entered Level 9 of a ziggurat
 96761 | Zig:9    | Reached skill level 21 in Conjurations
 97002 | Zig:10   | Entered Level 10 of a ziggurat
 97015 | Zig:10   | Noticed a juggernaut
 97026 | Zig:10   | Killed a juggernaut
 97197 | Zig:10   | Identified the ring "Ohoak" {*Corrode +Blink +Fly Int+3 Slay+4} (You found it on level 10 of a ziggurat)
 97331 | Zig:11   | Entered Level 11 of a ziggurat
 97340 | Zig:11   | Noticed a juggernaut
 97340 | Zig:11   | Noticed a juggernaut
 97352 | Zig:11   | Killed a juggernaut
 97353 | Zig:11   | Killed a juggernaut
 97526 | Zig:11   | Reached skill level 22 in Conjurations
 97552 | Zig:12   | Entered Level 12 of a ziggurat
 97928 | Zig:12   | Identified Yruoby's Grimoire of the Torrid Voyage
 97987 | Zig:13   | Entered Level 13 of a ziggurat
 97999 | Zig:13   | Reached skill level 15 in Fire Magic
 98287 | Zig:14   | Entered Level 14 of a ziggurat
 98519 | Zig:14   | Got a wavering diamond amulet
 98541 | Zig:14   | Identified the amulet "Femufin" {Inacc MR++ Int-4} (You found it on level 14 of a ziggurat)
 98546 | Zig:14   | Got a heavily runed wooden ring
 98548 | Zig:14   | Identified the ring of Giushruka {rPois rF+} (You found it on level 14 of a ziggurat)
 98596 | Zig:15   | Entered Level 15 of a ziggurat
 98609 | Zig:15   | Noticed Emeom the pandemonium lord
 98620 | Zig:15   | Killed Emeom the pandemonium lord
 99020 | Depths:4 | Upgraded the game from 0.20-a0-876-g2c7b0bf to 0.20-a0-893-g832831a
 99041 | Hell     | Entered the Vestibule of Hell
 99041 | Hell     | Noticed Geryon
 99706 | Zot:1    | Entered Level 1 of the Realm of Zot
100094 | Zot:1    | Noticed an orb of fire
100101 | Zot:1    | Killed an orb of fire
101723 | Zot:1    | Reached skill level 10 in Dodging
104423 | Zot:2    | Reached skill level 15 in Maces & Flails
104423 | Zot:2    | Reached skill level 1 in Staves
104788 | Zot:2    | Reached skill level 1 in Transmutations
106396 | Orc:2    | Bought a book of Annihilations for 1656 gold pieces
106408 | Orc:2    | Learned a level 8 spell: Lehudib's Crystal Spear
107141 | Hell     | Killed Geryon
108018 | Hell     | Found a gateway to the freezing wastes of Cocytus.
108361 | Hell     | Found a gateway to the ashen valley of Gehenna.
108379 | Geh:1    | Entered Level 1 of Gehenna
108530 | Geh:3    | Reached skill level 15 in Earth Magic
109397 | Hell     | Found a gateway to the Iron City of Dis.
109404 | Dis:1    | Entered Level 1 of the Iron City of Dis
111844 | Zot:3    | Noticed an orb of fire
111844 | Zot:3    | Gained mutation: Your spells are a little easier to cast, but a little less powerful. [an orb of fire]
111846 | Zot:3    | Gained mutation: Scrolls take you a little longer to read. [an orb of fire]
111851 | Zot:3    | Gained mutation: Your spells are easier to cast, but less powerful. [an orb of fire]
111860 | Zot:3    | Killed an orb of fire
111864 | Zot:3    | Noticed an orb of fire
111864 | Zot:3    | Gained mutation: Your magical capacity is low. (-10% MP) [an orb of fire]
112905 | Zot:3    | Gained mutation: You are partially covered in thin metallic scales. (AC +2) [an orb of fire]
112912 | Zot:3    | Gained mutation: Your magical capacity is very low. (-20% MP) [an orb of fire]
112918 | Zot:3    | Killed an orb of fire
113873 | Zot:4    | Killed from afar by a golden dragon

Vault maps used:
D:1:      scummos_arrival_gate
D:2:      kennysheep_another_room, uniq_iyjb
D:4:      portal_sewer_entry_a, uniq_blork_the_orc
D:5:      kennysheep_little_box, minmay_temple_entry_mist, first_bread,
          uniq_pikel, uniq_eustachio, uniq_grinder
D:6:      lemuel_doored_altar
D:7:      serial_shops, shop, basic_altar, uniq_duvessa
D:8:      overflow_temple_1_default, grunt_temple_overflow_open,
          enter_ossuary_1, serial_shops, shop
D:9:      erik_orc_2, uniq_joseph
D:10:     lair_entry_dummy, hangedman_little_slice_of_home, serial_bayou_pond_b,
          dk_yredelemnul_ordeal
D:12:     uniq_nessos, uniq_psyche
D:13:     minmay_expanding_squares, grunt_vaults_entry_tiered, serial_shops,
          shop, nrook_uturn, minmay_hollow_rounded_squares, uniq_rupert,
          uniq_kirke, uniq_azrael, uniq_josephine, uniq_erolcha
D:14:     nrook_mini_backslash
D:15:     grunt_enter_depths_magical_seal, serial_park_tiny_2, basic_altar,
          minivault_8, uniq_louise, uniq_agnes
Temple:   nicolae_temple_hex_pool
Lair:1:   minmay_lair_oklob_chamber
Lair:2:   basic_altar
Lair:3:   minmay_swamp_entry_swarm, guppyfry_snake_entry_island,
          portal_ice_cave_entry_pillars_2, st_stairs_3
Lair:5:   lemuel_oklob_altar
Lair:6:   hangedman_lair_caniforms_friends, minmay_slime_entry_oklob_open,
          lemuel_fruit_fields, lemuel_fruit_tree
Swamp:1:  evilmike_swamp_ruin_house_1, swamp_pool5, uniq_frances
Swamp:2:  hangedman_swamp_lotus, swamp_pool1, uniq_roxanne
Swamp:3:  infiniplex_staircase_pool
Swamp:4:  swamp_old_school, uniq_nikola
Snake:1:  st_stairs_6, uniq_asterion
Snake:2:  serial_shops, shop, grunt_megastairs_1, serial_bayou_shore_a,
          uniq_jorgrun
Snake:3:  nrook_loot_triangle, st_stairs_10, grunt_ministairs_10
Snake:4:  grunt_snake_rune_spirals, serial_shops, shop, st_stairs_1
Orc:2:    grunt_orc_tribal_feast, serial_shops, shop, lemuel_statue_altar
Elf:1:    serial_shops, nicolae_shop_overgrown_old_shop,
          kennysheep_underground_church
Elf:2:    serial_shops, shop_fountains, basic_loot_grate_trap,
          nicolae_elf_stone_circles, serial_sigils_hangedman_quiver,
          minmay_misc_feat_pillars
Elf:3:    minmay_elf_hall_circle, serial_shops, nicolae_shop_behind_doors
Vaults:1: st_eye, v_pattern_5, ontoclasm_vaults_eye, grunt_vaults_funnel,
          nicolae_vaults_big_ls, ontoclasm_vaults_decontamination,
          vaults_mumra_hexcomb, vaults_dpeg_spiral, v_misc_22,
          hangedman_vaults_impose, hangedman_vaults_slice,
          nicolae_vaults_little_squares_3, ontoclasm_vaults_misaligned
Vaults:2: v_misc_12, nicolae_vaults_little_squares_4,
          minmay_crypt_entry_simple_plaza, v_misc_23, hangedman_vaults_stream,
          v_misc_1, nicolae_vaults_network_s, v_rooms_5,
          vaults_room_guarded_vault, nicolae_vaults_little_squares_6,
          vaults_room_pool, hangedman_vaults_snaps,
          portal_desolation_entry_garden, serial_shops, bzr_entry_gold
Vaults:3: nicolae_vaults_three_branches, ontoclasm_vaults_ligature,
          nicolae_vaults_diagonal_hallway_8, dpeg_vaults_monster_box,
          nicolae_vaults_specimen_jars, nicolae_vaults_little_squares_4,
          hangedman_vaults_restitches
Vaults:4: grunt_vaults_trifunnel, nicolae_vaults_twisting_passages, v_misc_28,
          ontoclasm_vaults_gateway, vaults_room_octagon, v_misc_18,
          vaults_room_boxed, nicolae_vaults_network_square,
          ontoclasm_vaults_pinch, vaults_mumra_bighexcomb,
          nicolae_vaults_little_squares_5, uniq_boris
Depths:1: hangedman_decor_riveting, lightli_too_deep,
          minmay_misc_feat_four_crosses, grunt_ministairs_6, laboratory,
          uniq_bai_suzhen
Depths:2: minmay_isolated_rectangles_in_corner, grunt_decor_fettered,
          hell_entry, firewood_loft, uniq_saint_roka
Depths:3: lemuel_flame_loot_2, rand_demon_pan_entry_3, serial_bayou_pond_c,
          grunt_hell_entry_dis_mu, infiniplex_staircase_split_hallway
Depths:4: minmay_guarded_unrand_sceptre_of_torment, ziggurat_fallback,
          mu_enter_wizlab_2, abyss_entry, nicolae_lava_and_water, hell_entry,
          serial_bayou_shore_b, minmay_staircase_statues, serial_bayou_shore_b
Depths:5: grunt_zot_entry_gee_three, corexii_hall_statues_deadend, hell_entry,
          enter_trove_1, serial_shops, bzr_entry_customers
Dis:5:    door_vault
Zot:1:    kennysheep_blocky_room
Zig:3:    ziggurat_pillar_centre_c
Zig:14:   ziggurat_pillar_centre_oklobs
Bazaar:   bazaar_kb_twisted_cavern
Sewer:    sewer_co_15_rooms
Ossuary:  ossuary_due_mausoleum
IceCv:    ice_cave_caverns_02
WizLab:   wizlab_zonguldrok

Skill      XL: |  1  2  3  4  5  6  7  8  9 10 11 12 13 14 15 16 17 18 19 20 21 22 23 24 25 26 27 |
---------------+----------------------------------------------------------------------------------+-----
Conjurations   | 2 3 4 5 8 11 12 14 16 22 | 22.1
Maces & Flails | 1 2 3 4 5 6 8 9 10 12 15 | 15.0
Translocations | 1 2 3 4 5 6 |  6.2
Fighting       | 2 3 4 5 6 8 10 11 13 14 15 16 20 | 20.2
Fire Magic     | 2 4 6 9 11 13 14 17 | 17.1
Air Magic      | 1 3 4 5 6 |  6.0
Poison Magic   | 2 3 5 6 7 |  7.3
Spellcasting   | 4 6 8 9 11 13 14 16 17 18 | 18.1
Dodging        | 4 5 8 11 | 11.0
Shields        | 6 7 13 16 | 16.0
Armour         | 5 6 7 8 12 14 | 14.0
Earth Magic    | 2 4 9 11 12 20 | 20.0
Summonings     | 9 10 | 10.5
Evocations     | 5 6 8 |  8.9
Throwing       | 11 12 13 15 | 15.3
Charms         | 5 6 |  6.0
Stealth        | 6 12 13 | 13.0
Ice Magic      | 9 |  9.2
Staves         | 1 |  1.3
Transmutations | 2 |  2.5

Action                   |  1- 3 |  4- 6 |  7- 9 | 10-12 | 13-15 | 16-18 | 19-21 | 22-24 | 25-27 || total
-------------------------+-------+-------+-------+-------+-------+-------+-------+-------+-------++-------
Melee: Dagger            |     6 |       |       |       |       |       |       |       |       ||     6
       Mace              |    17 |    64 |   269 |   557 |       |       |       |       |       ||   907
       Flail             |       |       |       |    95 |  1069 |   807 |   943 |   802 |  1834 ||  5550
       Unarmed           |       |       |       |       |     2 |       |       |       |       ||     2
       Staff             |       |       |       |       |       |       |       |       |    26 ||    26
Throw: Tomahawk          |       |       |       |       |       |       |   181 |    23 |       ||   204
       Javelin           |       |       |       |       |       |       |    62 |    67 |    30 ||   159
 Cast: Magic Dart        |    76 |    76 |   281 |   487 |   418 |   463 |    66 |       |       ||  1867
       Blink             |       |     4 |     1 |     9 |     7 |     7 |     6 |    11 |    31 ||    76
       Conjure Flame     |       |     2 |     1 |     5 |    12 |     1 |     3 |     3 |       ||    27
       Mephitic Cloud    |       |       |     6 |    55 |    38 |    14 |    14 |    37 |    45 ||   209
       Searing Ray       |       |       |       |     8 |     1 |       |       |       |       ||     9
       Iskenderun's Myst |       |       |       |    17 |    22 |       |     2 |    12 |       ||    53
       Stone Arrow       |       |       |       |   140 |   218 |   182 |   585 |   577 |   565 ||  2267
       Iron Shot         |       |       |       |       |   212 |   352 |   155 |   309 |   539 ||  1567
       Bolt of Fire      |       |       |       |       |       |     2 |     3 |     2 |    13 ||    20
       Spellforged Servi |       |       |       |       |       |    15 |    42 |    21 |    45 ||   123
       Apportation       |       |       |       |       |       |     2 |     2 |     1 |       ||     5
       Iskenderun's Batt |       |       |       |       |       |       |    25 |    50 |    53 ||   128
       Lee's Rapid Decon |       |       |       |       |       |       |       |    11 |    25 ||    36
       Summon Butterflie |       |       |       |       |       |       |       |     6 |     9 ||    15
       Freezing Cloud    |       |       |       |       |       |       |       |    14 |    53 ||    67
       Ignition          |       |       |       |       |       |       |       |       |    48 ||    48
       Lehudib's Crystal |       |       |       |       |       |       |       |       |   107 ||   107
       Ignite Poison     |       |       |       |       |       |       |       |       |     7 ||     7
       Swiftness         |       |       |       |       |       |       |       |       |     3 ||     3
 Abil: Fly               |       |       |       |       |       |     1 |       |       |     2 ||     3
       Evoke Invisibilit |       |       |       |       |       |     2 |     1 |       |     6 ||     9
       Stop Flying       |       |       |       |       |       |     1 |       |       |     4 ||     5
Evoke: Wand              |       |     2 |     4 |     5 |    18 |    22 |    22 |     6 |     3 ||    82
       Fan of gales      |       |       |       |       |     2 |       |     1 |       |     1 ||     4
       Phantom mirror    |       |       |       |       |       |       |       |       |     2 ||     2
  Use: Scroll            |     6 |     5 |    12 |    21 |    23 |    20 |    21 |    11 |    51 ||   170
       Potion            |       |     2 |     3 |     6 |    10 |     8 |     9 |     7 |    33 ||    78
 Stab: Sleeping          |       |       |     3 |       |       |       |     2 |     1 |     9 ||    15
       Confused          |       |       |     2 |    11 |     3 |     3 |     2 |    11 |    10 ||    42
       Distracted        |       |       |       |       |       |       |     3 |     1 |     6 ||    10
       Invisible         |       |       |       |       |       |       |       |       |     3 ||     3
  Eat: Chunk             |     1 |     4 |    13 |    17 |    71 |    68 |    25 |    46 |    36 ||   281
       Fruit             |       |     3 |     3 |       |     7 |       |     1 |     4 |     8 ||    26
       Royal jelly       |       |       |       |     8 |     5 |     3 |     5 |     3 |     7 ||    31
       Bread ration      |       |       |       |     1 |     8 |    14 |     5 |     3 |     6 ||    37
       Meat ration       |       |       |       |       |     1 |     1 |     8 |     4 |    17 ||    31
Armor: Robe              |     9 |    29 |   155 |   136 |       |       |       |       |       ||   329
       Troll leather arm |       |       |       |   270 |   866 |   714 |   693 |   531 |   211 ||  3285
       Fire dragon scale |       |       |       |       |       |       |       |       |  1173 ||  1173
       Quicksilver drago |       |       |       |       |       |       |       |       |   290 ||   290
       Scale mail        |       |       |       |       |       |       |       |       |   185 ||   185
Dodge: Dodged            |    20 |    51 |   252 |   362 |   689 |   573 |   539 |   540 |  1145 ||  4171
Block: Other             |     2 |     7 |    20 |     5 |       |       |       |       |       ||    34
       Reflection        |       |       |     1 |    20 |    24 |    36 |   115 |   109 |    96 ||   401
       Shield            |       |       |       |   484 |   818 |   838 |   934 |   936 |  2160 ||  6170
       Buckler           |       |       |       |       |    48 |       |       |       |       ||    48
